Cogmind - Beta 16.1 @@@ ROGUE MODE // 2026.04.06 @ 02:29:12 Player: Ammie Result: Destroyed by Y-54 Guardian with Gatling Laser Performance ------------- Evolutions (3) 1500 Regions Visited (7) 1400 Robots Destroyed (129) 645 Value Destroyed (3741) 3741 Prototype IDs (14) 280 Alien Tech Used (0) 0 Bonus (128) 128 TOTAL SCORE: 7694 Bonus ------- High Alert Combat Kills 121 Follower Combat Kills 7 Cogmind --------- Core Integrity 0/700 Matter 230/300 Energy 146/150 System Corruption 8% Temperature Cool (6) Movement Walking (120) Location -7/Factory Parts ------- > --- POWER (2) -------- Micro Nuclear Core > --- PROPULSION (5) --- Improved Carbon-fiber Leg > --- UTILITY (4) ------ Improved Cooling System Improved Cooling System Target Analyzer > --- WEAPON (2) ------- Advanced Assault Cannon > --- INVENTORY (5) ---- Improved Deuterium Engine Antimatter Reactor Improved Cooling System Hardened Medium Armor Plating Peak State ------------ > --- POWER ------------ Antimatter Reactor Antimatter Reactor > --- PROPULSION ------- Heavy Treads Heavy Treads Improved VTOL Module > --- UTILITY ---------- Improved Sensor Array Target Analyzer Core Analyzer Thermal Defense Suite > --- WEAPON ----------- Heavy Beamcaster Heavy Beamcaster > --- INVENTORY -------- Micro Nuclear Core Advanced Heat Sink Advanced Weight Redist. System Heavy Beamcaster [Rating: 71] Favorites ----------- Power Antimatter Reactor Engine Cooled Ion Engine Power Core Micro Nuclear Core Reactor Antimatter Reactor Propulsion Improved Flight Unit Treads Heavy Treads Leg Aluminum Leg Hover Unit Improved Hover Unit Flight Unit Improved Flight Unit Utility Visual Processing Unit Device Seismic Detector Storage Small Storage Unit Processor Visual Processing Unit Protection Improved Medium Armor Plating Weapon Heavy Beamcaster Energy Gun Heavy Beamcaster Energy Cannon Advanced Beam Cannon Ballistic Gun Gauss Rifle Ballistic Cannon Light Cannon Build | -11 -10 -9 -9 -8 -7 -7 -7 ------- Run | Yrd Mat Mat Min Mat Fac Was Fac Slots Evolved 6 | . . 2 . 2 2 . . Power 1 | . . . . . 1 . . Propulsion 3 | . . 1 . 1 1 . . Utility 2 | . . 1 . 1 . . . Weapon . | . . . . . . . . Parts Attached 100 | 5 6 20 . 26 18 11 14 Power 22 | 1 1 5 . 3 5 3 4 Engine 15 | 1 1 5 . 2 4 . 2 Core 5 | . . . . 1 1 1 2 Reactor 2 | . . . . . . 2 . Propulsion 20 | 2 2 5 . 6 1 2 2 Treads 3 | . . . . . . 2 1 Leg 5 | 2 2 . . . . . 1 Wheel . | . . . . . . . . Hover 3 | . . 2 . 1 . . . Flight 9 | . . 3 . 5 1 . . Utility 24 | . 2 3 . 5 6 3 5 Device 17 | . 1 3 . 3 5 2 3 Storage 1 | . . . . 1 . . . Processor 4 | . 1 . . 1 1 1 . Hackware . | . . . . . . . . Protection 2 | . . . . . . . 2 Artifact . | . . . . . . . . Weapon 34 | 2 1 7 . 12 6 3 3 Energy Gun 20 | 1 . 2 . 7 5 3 2 Energy Cannon 3 | . . 2 . 1 . . . Ballistic Gun 5 | 1 . . . 3 1 . . Ballistic Cannon 6 | . 1 3 . 1 . . 1 Launcher . | . . . . . . . . Special Weapon . | . . . . . . . . Impact Weapon . | . . . . . . . . Slashing Weapon . | . . . . . . . . Piercing Weapon . | . . . . . . . . Special Melee Weapon . | . . . . . . . . Unidentified Prototypes 14 | . . 6 . 4 1 3 . Parts Lost 44 | . . 4 . 13 12 . 15 Power 8 | . . . . 2 2 . 4 Propulsion 13 | . . 2 . 5 3 . 3 Utility 9 | . . 1 . 1 3 . 4 Weapon 14 | . . 1 . 5 4 . 4 Highest Loss Streak 12 | . . 2 . 6 6 . 12 To Critical Strikes 2 | . . . . 1 . . 1 Average Backups 4 | 1 4 4 4 5 5 3 4 Power 1 | . 2 2 2 1 1 1 1 Propulsion . | . . . . . . . . Utility 1 | . . . . 2 3 1 1 Weapon 1 | . 1 1 2 1 1 1 1 Tool/Special . | . . . . . . . . Unused Backups 4 | . 1 1 . . 1 1 . Power 1 | . . 1 . . . . . Propulsion . | . . . . . . . . Utility 2 | . . . . . 1 1 . Weapon 1 | . 1 . . . . . . Tool/Special . | . . . . . . . . Average Slot Usage (%) 85 | . 90 88 100 92 79 77 78 Engine 6 | . 14 11 11 7 13 . . Reactor 4 | . . . . . . 11 10 Treads 6 | . . . . . . 12 17 Leg 2 | . 28 3 . . . . . Hover 1 | . . 10 . . . . . Flight 13 | . . 9 33 32 21 7 1 Device 16 | . 12 21 22 17 17 15 11 Storage 1 | . . . . 6 3 . . Processor 11 | . 6 11 11 9 6 14 14 Energy Gun 11 | . 14 3 11 12 6 14 14 Energy Cannon 2 | . . 9 11 . . . . Ballistic Gun 1 | . 1 . . 3 7 . . Ballistic Cannon 2 | . 12 8 . . . . . Peak Build Rating 71 | 5 8 21 21 34 45 71 70 Average Rating 36 | 3 6 14 21 25 37 62 62 On Entrance 23 | . 5 8 21 21 31 35 70 Avg Prop Armor Cover (%) 5 | . . 4 . 3 . 1 5 Naked Turns . | . . . . . . . . Heaviest Build 45 | 9 11 17 17 23 36 45 45 Greatest Support 149 | 20 20 20 15 29 30 149 140 Greatest Overweight (x) 7 | . . 3 1 1 1 1 7 Average Overweight (x) . | . . . 1 . . . . Largest Inventory Capacity 8 | 5 5 5 5 8 8 5 5 Average Capacity 5 | 5 5 5 5 7 6 5 5 Most Carried 8 | 2 5 5 5 8 8 5 5 Average Carried 4 | 1 4 4 4 6 5 3 4 Final Capacity 8 | 5 5 5 5 8 5 5 5 Final Carried 7 | 2 5 4 5 7 4 5 4 Class Distribution -------------------- 50% | Mutant 34% | Scavenger-Mutant 10% | Sprinter 4% | Scavenger-Sprinter Dominant Class ---------------- Mutant | -10/Materials Mutant | -9/Materials Mutant | -9/Mines Sprinter | -8/Materials Mutant | -7/Factory Scavenger-Mutant | -7/Waste Scavenger-Mutant | -7/Factory Resources | -11 -10 -9 -9 -8 -7 -7 -7 ----------- Run | Yrd Mat Mat Min Mat Fac Was Fac Matter Collected 2453 | 233 193 478 48 719 387 248 147 Remotely . | . . . . . . . . Salvage Created 5147 | . 425 647 59 1423 708 625 1260 Parts 235 | . 23 44 5 76 27 3 57 Haulers Intercepted 11 | . 1 3 . 5 . . 2 Recyclers Shooed . | . . . . . . . . Parts Field Recycled . | . . . . . . . . Retrieved Matter . | . . . . . . . . Parts Self-Destructed . | . . . . . . . . Prevented . | . . . . . . . . Parts Restored . | . . . . . . . . Kills | -11 -10 -9 -9 -8 -7 -7 -7 ------- Run | Yrd Mat Mat Min Mat Fac Was Fac Combat Hostiles Destroyed 101 | . 13 19 4 30 10 2 23 Guns 64 | . 4 . 1 28 10 2 19 Cannons 33 | . 8 19 3 1 . . 2 AOE 2 | . 1 . . 1 . . . Classes Destroyed 15 | . 4 5 1 2 1 1 1 Worker 4 | . . . . 2 1 . 1 Tunneler 1 | . . 1 . . . . . Hauler 11 | . 1 3 . 5 . . 2 Recycler 3 | . . 1 . . 1 . 1 Operator 2 | . . 1 . 1 . . . Watcher 8 | . 1 1 . 4 . . 2 Swarmer 39 | . 6 12 3 10 . . 8 Grunt 35 | . 7 4 . 14 7 . 3 Brawler 4 | . . 1 . . . . 3 Duelist 1 | . . . . 1 . . . Sentry 10 | . . 2 . 5 2 . 1 Specialist 4 | . . . . . . . 4 Programmer 5 | . . . . . 1 . 4 Compactor 2 | . . . . . . 2 . Assembled 1 | . . . 1 . . . . Best Kill Streak 10 | . 3 7 3 10 5 1 4 Combat Bots Only 9 | . 3 4 3 9 3 1 4 Max Kills in Single Turn 2 | . 2 2 1 2 1 1 2 Gunslinging . | . . . . . . . . Exploded 1 | . 1 . . 1 . . . Melee . | . . . . . . . . Uniques/NPCs Destroyed . | . . . . . . . . Combat | -11 -10 -9 -9 -8 -7 -7 -7 -------- Run | Yrd Mat Mat Min Mat Fac Was Fac Hostile Shots Fired 792 | . 52 84 7 181 187 . 281 Missed 262 | . 16 22 3 56 78 . 87 Hits 530 | . 36 62 4 125 109 . 194 Melee 12 | . . . . 2 . . 10 Projectile 518 | . 36 62 4 123 109 . 184 Critical Strikes 14 | . . 2 . 4 3 . 5 Part Disruptions 1 | . . . . . . . 1 Damage Taken 6465 | . 300 586 29 1757 1308 . 2485 Core 1358 | . 72 143 7 435 191 . 510 Absorbed by Shields . | . . . . . . . . Reduced by Siege Mode 53 | . . . . . . . 53 Regen/Repaired (Parts) 121 | . . 14 . 107 . . . Core Remaining (%) 63 | 100 71 . 62 20 . . . Volleys Fired 401 | . 29 69 9 134 69 10 81 Largest 2 | . 2 2 2 2 2 2 2 Hottest 162 | . 70 113 113 126 83 162 162 Shots Fired 716 | . 58 118 12 247 110 19 152 Gun 544 | . 29 5 3 230 110 19 148 Cannon 172 | . 29 113 9 17 . . 4 Launcher . | . . . . . . . . Special . | . . . . . . . . Kinetic 237 | . 29 72 . 69 63 . 4 Thermal 385 | . . 41 9 153 15 19 148 Explosive . | . . . . . . . . Electromagnetic 94 | . 29 5 3 25 32 . . Robot Hit Streak 25 | . 4 8 3 14 9 5 25 Robot Miss Streak 7 | . 5 7 3 7 4 1 5 Penetration Max 1 | . . . . 1 . . . Secondary Targets 10 | . . . . 4 . . 6 Max Gunslinging Chain 1 | . . . . 1 . . 1 Shots Hit Robots 432 | . 25 57 8 167 68 14 93 Core Hits 203 | . 17 28 5 77 29 4 43 Critical Kills . | . . . . . . . . Critical Parts Destroyed 3 | . . . . . 3 . . Critical Strikes 24 | . . 2 . 4 3 1 14 Burn 18 | . . . . 4 . 1 13 Destroy 3 | . . . . . 3 . . Blast 3 | . . 2 . . . . 1 Melee Attacks . | . . . . . . . . Impact . | . . . . . . . . Slashing . | . . . . . . . . Piercing . | . . . . . . . . Sneak Attacks . | . . . . . . . . Combat Hostiles . | . . . . . . . . Follow-up Attacks . | . . . . . . . . Damage Inflicted 8684 | . 516 1112 133 2947 1314 370 2292 Guns 6699 | . 214 60 30 2548 1267 370 2210 Cannons 1759 | . 263 1052 103 259 . . 82 Explosions 226 | . 39 . . 140 47 . . Melee . | . . . . . . . . Ramming . | . . . . . . . . Kinetic 2628 | . 263 661 . 833 789 . 82 Thermal 5058 | . 39 391 103 1777 168 370 2210 Explosive . | . . . . . . . . Electromagnetic 998 | . 214 60 30 337 357 . . Impact . | . . . . . . . . Slashing . | . . . . . . . . Piercing . | . . . . . . . . Highest Corruption 8 | . . . . 2 2 2 8 Average Corruption 2 | . . . . 2 1 2 2 Corruption Purged . | . . . . . . . . Corruption Blocked . | . . . . . . . . Effects 45 | . . . . 9 . 9 27 Message Errors 8 | . . . . 1 . 1 6 Matter Fused 13 | . . . . 3 . 4 6 Heat Flow Errors 9 | . . . . . . 2 7 Energy Discharges 2 | . . . . 1 . . 1 Parts Rejected 1 | . . . . . . 1 . Parts Fused 2 | . . . . 1 . . 1 Data Loss (minor) 4 | . . . . 1 . 1 2 Data Loss (major) 2 | . . . . . . . 2 Misfires 2 | . . . . 1 . . 1 Alerts 1 | . . . . . . . 1 Weapon Failures 1 | . . . . 1 . . . Overload Shots . | . . . . . . . . Overflow Damage 30 | . . 1 . 23 . . 6 Projectiles 10 | . . 1 . 3 . . 6 Explosions 20 | . . . . 20 . . . Melee . | . . . . . . . . Knockbacks 6 | . 3 1 . 2 . . . Impact . | . . . . . . . . Kinetic 6 | . 3 1 . 2 . . . Secondary . | . . . . . . . . Self-Inflicted Damage 20 | . . . . 20 . . . Shots 1 | . . . . 1 . . . Rammed 1 | . . 1 . . . . . Targets Rammed 1 | . . 1 . . . . . Kicked . | . . . . . . . . Crushed . | . . . . . . . . Highest Temperature 439 | . 54 257 38 439 39 348 398 Average Temperature 72 | . 16 55 16 77 9 108 97 Received Heat Transfer 1791 | . 24 117 . 675 621 . 354 Effects 10 | . . . . 1 . 6 3 Shutdowns 3 | . . . . 1 . . 2 Energy Bleed 1 | . . . . . . . 1 Interference 5 | . . . . . . 5 . Matter Decay 1 | . . . . . . 1 . Siege Activations 2 | . . . . . . . 2 Total Turns 68 | . . . . . . . 68 Longest Duration 53 | . . . . . . . 53 Martial Activations . | . . . . . . . . Shielding Activations . | . . . . . . . . Robots Disrupted 1 | . . . . 1 . . . Combat Hostiles 1 | . . . . 1 . . . Robots Corrupted . | . . . . . . . . Combat Hostiles . | . . . . . . . . Parts Fried 3 | . . . . 1 2 . . Impact Corruptions . | . . . . . . . . Robots Melted 2 | . . . . . . . 2 Combat Hostiles 2 | . . . . . . . 2 Parts Melted 24 | . . 1 . 3 1 . 19 Heat Transferred 10549 | . 50 703 185 4270 272 666 4403 Parts Sabotaged . | . . . . . . . . Parts Stolen . | . . . . . . . . Parts Stripped . | . . . . . . . . Power Chain Reactions 5 | . 1 . . 3 1 . . Alert | -11 -10 -9 -9 -8 -7 -7 -7 ------- Run | Yrd Mat Mat Min Mat Fac Was Fac Maximum Alert Level 2 | . 1 1 . 2 1 . 1 Low Security (%) 68 | 100 82 83 100 18 8 100 92 Level 1 23 | . 17 16 . 42 91 . 7 Level 2 7 | . . . . 38 . . . Level 3 . | . . . . . . . . Level 4 . | . . . . . . . . Level 5 . | . . . . . . . . High Security . | . . . . . . . . Max Security . | . . . . . . . . Peak Influence 649 | . 232 230 68 649 294 85 244 Initial 294 | . . 84 43 14 294 85 . Average 139 | . 119 141 14 327 232 7 56 Influence Increases 3262 | . 396 544 98 1193 380 . 651 Destroy 0b10 Robot/C 1980 | . 260 380 80 600 200 . 460 Destroy 0b10 Robot/NC 145 | . 10 35 . 60 10 . 30 Destroy Leader 468 | . 64 78 10 138 60 . 118 Allied During Kill 8 | . . . 8 . . . . Trap Triggered on 0b10 10 | . . . . 10 . . . Successful Hack 66 | . . 19 . 35 . . 12 Disable Machine 150 | . 15 . . 75 30 . 30 Destroy Structure 30 | . 2 2 . 20 5 . 1 Partial Spotted 90 | . 15 15 . 60 . . . Lose Combat Pursuer 315 | . 30 15 . 195 75 . . Influence Decreases 3042 | . 196 631 173 582 785 244 431 Entered New Map 724 | . . 116 70 24 355 159 . Time Decay 1838 | . 196 475 63 428 310 85 281 Lost Part 440 | . . 40 . 130 120 . 150 Lost Ally 40 | . . . 40 . . . . Squads Dispatched 27 | . 4 1 . 7 4 . 11 Investigation 7 | . 2 1 . 4 . . . Extermination 5 | . . . . . 1 . 4 Reinforcement 9 | . 2 . . 3 . . 4 Assault . | . . . . . . . . Garrison 6 | . . . . . 3 . 3 Intercept . | . . . . . . . . Searches Triggered . | . . . . . . . . Construction Impeded . | . . . . . . . . Haulers Reinforced . | . . . . . . . . Active Scanning Responses . | . . . . . . . . Cargo Convoy Interrupts 1 | . . . . . . . 1 Stealth | -11 -10 -9 -9 -8 -7 -7 -7 --------- Run | Yrd Mat Mat Min Mat Fac Was Fac Distress Signals 8 | . 3 . . 4 . . 1 Communications Jammed . | . . . . . . . . Distress Signals . | . . . . . . . . Times Spotted 159 | . 17 25 12 56 16 2 31 Peak Tracking Total 8 | . 4 4 8 8 4 1 4 Tactical Retreats 13 | . 1 1 . 7 4 . . ECM-based Alert Blocks 1 | . . . . . 1 . . Traps | -11 -10 -9 -9 -8 -7 -7 -7 ------- Run | Yrd Mat Mat Min Mat Fac Was Fac Traps Triggered 4 | . . 1 . 1 1 . 1 Indirectly . | . . . . . . . . Trap Hack Attempts . | . . . . . . . . Triggered . | . . . . . . . . Disarmed . | . . . . . . . . Reprogrammed . | . . . . . . . . Reused 1 | . . . . 1 . . . Traps Extracted . | . . . . . . . . Installed 1 | . . . . 1 . . . Triggered 1 | . . . . 1 . . . Most Traps Carried 1 | . . . 1 1 . . . Machines | -11 -10 -9 -9 -8 -7 -7 -7 ---------- Run | Yrd Mat Mat Min Mat Fac Was Fac Machines Disabled 10 | . 1 . . 5 2 . 2 Max in Single Turn 1 | . 1 . . 1 1 . 1 Machines Repaired . | . . . . . . . . Machines Dismantled . | . . . . . . . . Machines Sabotaged . | . . . . . . . . Overloaded Fab Kills . | . . . . . . . . Hacking | -11 -10 -9 -9 -8 -7 -7 -7 --------- Run | Yrd Mat Mat Min Mat Fac Was Fac Machines Accessed 13 | . 1 5 . 6 . . 1 Terminals 6 | . 1 3 . 2 . . . Fabricators . | . . . . . . . . Repair Stations 4 | . . 1 . 2 . . 1 Recycling Units . | . . . . . . . . Scanalyzers 3 | . . 1 . 2 . . . Garrison Access . | . . . . . . . . Total Hacks 42 | . 5 11 . 24 . . 2 Successful 30 | . 1 10 . 18 . . 1 Failed 12 | . 4 1 . 6 . . 1 Catastrophic 1 | . . . . . . . 1 Database Lockouts . | . . . . . . . . Manual . | . . . . . . . . Terminals 12 | . 5 4 . 3 . . . Fabricators . | . . . . . . . . Repair Stations 19 | . . 3 . 14 . . 2 Recycling Units . | . . . . . . . . Scanalyzers 11 | . . 4 . 7 . . . Garrison Access . | . . . . . . . . Terminal Hacks 7 | . 1 4 . 2 . . . Record 1 | . . . . 1 . . . Robot Analysis 1 | . . 1 . . . . . Emergency Access Points 1 | . . 1 . . . . . Locate Traps 1 | . 1 . . . . . . Hauler Manifests 1 | . . 1 . . . . . Zone Layout 2 | . . 1 . 1 . . . Fabricator Hacks . | . . . . . . . . Repair Station Hacks 13 | . . 2 . 10 . . 1 Scan Component 7 | . . 1 . 5 . . 1 Repair 6 | . . 1 . 5 . . . Recycling Unit Hacks . | . . . . . . . . Scanalyzer 10 | . . 4 . 6 . . . Insert Component 3 | . . 1 . 2 . . . Analyze 2 | . . . . 2 . . . Retrieve Study 5 | . . 3 . 2 . . . Garrison Access Hacks . | . . . . . . . . Unauthorized Hacks . | . . . . . . . . Terminals . | . . . . . . . . Fabricators . | . . . . . . . . Repair Stations . | . . . . . . . . Recycling Units . | . . . . . . . . Scanalyzers . | . . . . . . . . Garrison Access . | . . . . . . . . Data Cores Recovered 2 | . . 1 . 1 . . . Used . | . . . . . . . . Hacking Detections 11 | . 1 3 . 6 . . 1 Full Trace Events 5 | . 1 1 . 3 . . . Feedback Events . | . . . . . . . . Feedback Blocked . | . . . . . . . . Robot Schematics Acquired . | . . . . . . . . Robots Built . | . . . . . . . . Authchips . | . . . . . . . . Time . | . . . . . . . . Total Robot Build Rating . | . . . . . . . . Part Schematics Acquired 2 | . . . . 2 . . . Parts Built . | . . . . . . . . Authchips . | . . . . . . . . Time . | . . . . . . . . Total Part Build Rating . | . . . . . . . . Part Studies Acquired 5 | . . 3 . 2 . . . Parts Repaired 5 | . . 1 . 4 . . . Time 262 | . . 32 . 230 . . . Parts Recycled . | . . . . . . . . Recycled Matter . | . . . . . . . . Retrieved Matter . | . . . . . . . . Retrieved Components . | . . . . . . . . Parts Scanalyzed 2 | . . . . 2 . . . Part Schematics Acquired 2 | . . . . 2 . . . Parts Damaged . | . . . . . . . . Bothacking | -11 -10 -9 -9 -8 -7 -7 -7 ------------ Run | Yrd Mat Mat Min Mat Fac Was Fac Used RIF Installer . | . . . . . . . . Robots Hacked . | . . . . . . . . Non-combat . | . . . . . . . . Combat . | . . . . . . . . Robot Hacks Applied . | . . . . . . . . Relay Couplers Released . | . . . . . . . . Fabnet Peak Effective % . | . . . . . . . . Robots Rewired . | . . . . . . . . Allies Hacked . | . . . . . . . . Hacks Repelled . | . . . . . . . . Allies | -11 -10 -9 -9 -8 -7 -7 -7 -------- Run | Yrd Mat Mat Min Mat Fac Was Fac Total Allies 3 | . . . 3 . . . . Largest Group 3 | . . . 3 . . . . Highest-Rated Group 40 | . . . 40 . . . . Highest-Rated Ally 16 | . . . 16 . . . . Total Orders 1 | . . . 1 . . . . FOLLOW 1 | . . . 1 . . . . Ally Attacks 22 | . . . 22 . . . . Total Damage 220 | . . . 220 . . . . Kills 2 | . . . 2 . . . . Allies Corrupted . | . . . . . . . . Allies Melted . | . . . . . . . . Intel | -11 -10 -9 -9 -8 -7 -7 -7 ------- Run | Yrd Mat Mat Min Mat Fac Was Fac Active Infowar (turns) 5488 | . 494 1304 319 1167 142 1059 1003 Optics 3039 | . 249 1304 319 1167 . . . Sensors 2185 | . . . . . 123 1059 1003 Seismic 2704 | . 494 1304 319 587 . . . ECM 19 | . . . . . 19 . . Robot Analysis Total 1 | . . 1 . . . . . Derelict Logs Recovered 2 | . . . 2 . . . . Drone Launches . | . . . . . . . . Drone Recoveries . | . . . . . . . . Exploration | -11 -10 -9 -9 -8 -7 -7 -7 ------------- Run | Yrd Mat Mat Min Mat Fac Was Fac Turns Passed 7054 | 72 529 1304 319 1432 693 1059 1646 Spaces Moved 5385 | 54 328 957 259 1640 602 780 765 Core 12 | 2 . . . . . . 10 Treads 1296 | . . . . . . 555 741 Legs 575 | 52 328 181 . . . . 14 Wheels . | . . . . . . . . Hover 503 | . . 503 . . . . . Flight 2999 | . . 273 259 1640 602 225 . Fastest Speed 29 | 50 120 56 104 29 32 35 120 Average Speed 93 | 117 120 96 104 40 79 127 163 Slowest Speed 400 | 120 120 260 104 108 105 160 400 Overloaded Moves . | . . . . . . . . Propulsion Burnouts . | . . . . . . . . Robots Hopped 3 | . . . . 3 . . . Potential Cave-ins . | . . . . . . . . Cave-ins Triggered . | . . . . . . . . Exploration Rate (%) 48 | 3 51 61 61 84 11 96 19 Regions Visited 7 Branch Regions 1 Pre-discovered Areas 1 | . . . 1 . . . . Known Exits Taken . | . . . . . . . . Unknown Exits Taken 5 | 1 1 1 1 1 . . . Scrap Searched 2 | . . . 2 . . . . Spaces Dug . | . . . . . . . . Terrain Destroyed 18 | . 2 . . 12 3 . 1 Melee . | . . . . . . . . Projectile 1 | . . . . . . . 1 AOE 17 | . 2 . . 12 3 . . Terrain Rammed . | . . . . . . . . Walls Destroyed . | . . . . . . . . Machines Disabled . | . . . . . . . . Actions | -11 -10 -9 -9 -8 -7 -7 -7 --------- Run | Yrd Mat Mat Min Mat Fac Was Fac Total 6650 | 60 405 1213 296 2145 701 823 1007 Wait 655 | . 35 146 28 307 5 . 134 Move 5373 | 53 327 956 258 1633 602 779 765 Hop 3 | . . . . 3 . . . Pick Up 37 | 2 4 6 1 13 3 6 2 Fast Attach 41 | 5 2 4 . 10 5 7 8 Attach 27 | . . 5 . 9 7 2 4 Detach 5 | . . 2 . 1 1 1 . Swap 67 | . 4 17 . 26 7 6 7 Drop 37 | . 4 7 . 8 2 10 6 Fire 401 | . 29 69 9 134 69 10 81 Melee . | . . . . . . . . Ram 1 | . . 1 . . . . . Kick . | . . . . . . . . Crush . | . . . . . . . . Escape Stasis . | . . . . . . . . Rewire 2 | . . . . . . 2 . Trap 1 | . . . . 1 . . . Miscellaneous . | . . . . . . . . Route ------- -11/Scrapyard -10/Materials (discovered 3 exits: *Mat / [*Min x2]) -9/Materials (discovered 3 exits: *Mat / [*Min] / [*Sto]) -9/Mines (discovered 2 exits: *Mat x2) -8/Materials (discovered 2 exits: *Fac x2) -7/Factory -7/Waste -7/Factory History --------- Turn | Location | Event 36 | -11/Scrapyard | Discovered new exit (range 12) 73 | -11/Scrapyard | Entered Materials 256 | -10/Materials | Discovered new exit (range 14) 300 | -10/Materials | Build established: Mutant 398 | -10/Materials | Discovered new exit (range 5) 530 | -10/Materials | Discovered new exit (range 11) 602 | -10/Materials | Entered another Materials area 602 | -9/Materials | Evolved 2 slots: Propulsion x1, Utility x1 935 | -9/Materials | Discovered new exit (range 5) 977 | -9/Materials | Repaired Imp. Hover Unit+ 1419 | -9/Materials | Discovered new exit (range 14) 1595 | -9/Materials | Discovered new exit (range 4) 1906 | -9/Materials | Entered Mines 1906 | -9/Mines | Discovered new exit (range 15) 1911 | -9/Mines | Learned location of Storage (-9) 1911 | -9/Mines | Assisted by bots powering up and referring to "LRC-V3" 1949 | -9/Mines | Learned Materials emergency access door positions 1972 | -9/Mines | Found a hidden stash of uninstalled traps 2029 | -9/Mines | Received a Rocket Launcher from a helpful Derelict 2111 | -9/Mines | Discovered new exit (range 9) 2133 | -9/Mines | Assembled infested the area 2225 | -9/Mines | Entered Materials 2225 | -8/Materials | Evolved 2 slots: Propulsion x1, Utility x1 2518 | -8/Materials | Destroyed 9 combat bots 2689 | -8/Materials | Core integrity fell below 50% 2732 | -8/Materials | Discovered new exit (range 18) 2859 | -8/Materials | Build established: Scavenger-Sprinter 2916 | -8/Materials | Discovered new exit (range 17) 2987 | -8/Materials | Repaired Imp. Flight Unit 3039 | -8/Materials | Repaired Imp. Flight Unit 3162 | -8/Materials | Lost 6 parts (4n2w) 3341 | -8/Materials | Repaired Imp. Flight Unit 3369 | -8/Materials | Repaired Flight Unit+ 3580 | -8/Materials | Build established: Sprinter 3657 | -8/Materials | Entered Factory 3657 | -7/Factory | Evolved 2 slots: Power x1, Propulsion x1 3965 | -7/Factory | Build established: Mutant 3987 | -7/Factory | Garrison activated, responded to threat 4099 | -7/Factory | Lost 6 parts (1p1n3u1w) 4333 | -7/Factory | Lost 5 parts (1p2n2w) 4350 | -7/Factory | Sucked down chute 4350 | -7/Factory | Entered Waste 4350 | -7/Waste | The area was eerily silent 4450 | -7/Waste | A Compactor rumbled back to life 4455 | -7/Waste | Spotted C-40 Crusher 4469 | -7/Waste | Destroyed C-40 Crusher 4560 | -7/Waste | A Compactor rumbled back to life 4572 | -7/Waste | Spotted C-40 Crusher 4730 | -7/Waste | Destroyed C-40 Crusher 4776 | -7/Waste | Build established: Scavenger-Mutant 4957 | -7/Waste | Discovered new exit (range 11) 5409 | -7/Waste | Entered Factory 6485 | -7/Factory | Cargo convoy interrupted 6834 | -7/Factory | Garrison activated, responded to threat 6966 | -7/Factory | Core integrity fell below 50% 7019 | -7/Factory | Core integrity fell below 20% 7055 | -7/Factory | Destroyed by Y-54 Guardian with Gatling Laser Last Messages --------------- 06981_ Acquired 5 matter. 06999_ System corrupted: Matter fused (-6). 07002_ Hvy. Beamcaster destroyed. 07005_ Imp. Cooling System destroyed. 07011_ Hvy. Beamcaster destroyed. 07017_ Y-54 Guardian heat damages Lgt. Treads. 07022_ Acquired Imp. Carbon-fiber Leg. 07025_ Acquired Imp. Cooling System. 07029_ Acquired Mic. Nuclear Core. 07032_ Acquired Imp. Deuterium Engine. 07034_ S-27 Virus emerges from the garrison. 07034_ Rnf. Deuterium Engine destroyed. 07035_ Acquired Imp. Cooling System. 07035_ A-02 Transporter enters garrison. 07041_ ALERT: Potential suspicious activity detected, Programmers report to Factory Zone 5S. 07047_ Acquired Adv. Assault Cannon. 07051_ Destroyed VTOL Module. 07051_ S-27 Virus suffers critical hit (Blast). 07051_ S-27 Virus destroyed. Map ----- +----------------------------------------------------+ | | | | | | | | | | | | | | | | | | | | | | | | | | | | | | | | | | | | | | | | | | | ??????????????#############??????????????????????? | | ??????????????# [#??????????????????????? | | ??????????????# """ """ #########?????########## | | ???????????#### "F" """ [## #?????# ^" " | | ???????????# # " """%@## """ #?????# | | ???????????# ## """ ""=%## """ #????##^ """ | | ???????????#%## """ ""Y*## F" #???### "" [ | | ???????????#!## [%##!! "" #???## [" | | ??????######+#######+####;##!! #???# =%% | | ??????# =%! # #######+####### # ""= | | ??????# !|[ # "" | | ??????# %# ^ ^ % ] | | ??????# +% """ """ """ *! %% | | ??????# !# """ """ """ % * | | ??????# !! # """ """ """ #######+#### | | ??????# !! # ###???? ?# | | ??????# ! # """ """ ####### """" # | | ??????###########!* """ """ # ## """" # | | ????????????????#** %= """ """ # ## """" # | | ????????????????# [%% # ## """" # | | ????????????????# =]]] """ # ## ??# | | ????????????????# ! =]]]!= """ + #???????# | | ????????????????# ]]]%* """ # #??????? | | ????????????????# =!! ###### #?##+## | | ????????????????# " #?????? | | ????????????????### " " # ###### #?????? | | ????????? ????????#""G""# #????????????????? | | ???????? ???????####?# +????????????????? | | ???????? ??????????# #????????????????? | +----------------------------------------------------+ Best States ------------- Heat Dissipation 88 Energy Generation 37 Energy Capacity 550 Matter Stores 300 Matter Capacity 300 Sight Range 18 Robot Scan Range 15 Terrain Scan Density 10 ECM Strength 2 Additional Mass Support 9 Armor Coverage 450 Evasion (%) 64 Targeting Accuracy 8 Target Analysis 5 Core Analysis 6 Recoil Reduction 4 Particle Charging 15 Item Schematics ----------------- Imp. VTOL Module | -8/Materials | Scanalyzed Gauss Rifle | -8/Materials | Scanalyzed Robot Schematics ------------------ None Fabricated ------------ Nothing Repaired ---------- Imp. Hover Unit | 60% | -9/Materials Imp. Flight Unit | 7% | -8/Materials Imp. Flight Unit | 50% | -8/Materials Imp. Flight Unit | 20% | -8/Materials Flight Unit | 10% | -8/Materials Studied --------- Aluminum Leg | -9/Materials | Hacked Lgt. Cannon | -9/Materials | Hacked Imp. Hover Unit | -9/Materials | Hacked Imp. Ion Engine | -8/Materials | Hacked Flight Unit | -8/Materials | Hacked Alien Tech Used ----------------- None Achievements -------------- Immobile And Lovin' It Challenges ------------ None Game ------ Seed DroneWeaponTendrils Manual? 0 Play Time 01:13:43 Cumulative 40.5 hours Start 2026.04.06 @ 01:10:10 End 2026.04.06 @ 02:29:12 Sessions 1 Manual Loads 0 Difficulty Rogue Special Mode None Game No. 70 Rogue 70 Adventurer 0 Explorer 0 Win Type - Total 0 Types 0/0/0/0/0/0/0/0/0/0 Lore% 15 Gallery% 23 Achievement% 20 Wizard Run 0 Options --------- Layout 0 ASCII 0 Keyboard 0 Movement Mouse Keybinds 0 Fullscreen 1 Font 24/Smallcaps Map View 38x25 Zoom Use 99% Tactical HUD 1 Map Filters NONE Filters NONE Steam 1 RUN: 0acf6d4f-99c2-4a81-94e0-c8de9b869016